AoeStats
← Rodrigo Lao Tse

Enclosed

505990740Analyzed
1v1 RM · 21d ago on Sep 11, 2026· 55m 46s· 2 players
Game mode
Random Map
Map size
Tiny (2 player)
Population
200
Speed
Normal
Resources
Standard
Victory
Conquest
Starting age
Dark Age
Ending age
Imperial Age
RankedLock teamsTeams togetherTeam positionsShared explorationLock speedFull tech treeHidden civsTurbo modeCheats
Victory
Defeat
🇹🇷 Wei · Türkiye
932
+15
🇨🇱 Britons · Chile
907
-42
Rodrigo Lao Tse
6:23 Loom
9:29 Loom
11:38 Feudal Age
12:22 Gold Mining
12:30 Double-Bit Axe
12:29 Horse Collar
18:23 Stone Mining
26:58 Castle Age
37:23 Gold Shaft Mining
39:00 Padded Archer Armor
40:03 Leather Archer Armor
40:35 Fletching
44:21 Wheelbarrow
43:35 Town Watch
48:37 Imperial Age
46:12 Bodkin Arrow
48:26 Bodkin Arrow
49:34 Masonry
50:16 Bracer
51:37 Architecture
51:55 Cavalier
MzSahin
9:23 Loom
11:47 Feudal Age
13:51 Double-Bit Axe
18:48 Castle Age
16:47 Gold Mining
16:48 Stone Mining
18:06 Wheelbarrow
17:23 Fletching
17:38 Padded Archer Armor
21:46 Bow Saw
24:57 Town Watch
26:23 Elite Skirmisher
30:44 Thumb Ring
32:18 Bodkin Arrow
32:38 Leather Archer Armor
35:29 Gold Shaft Mining
34:45 Stone Mining
36:03 Hand Cart
38:51 Leather Archer Armor
39:09 Stone Mining
39:06 Horse Collar
42:46 Imperial Age
43:44 Bracer
44:15 Ring Archer Armor
44:57 Ballistics
45:38 Chemistry
44:34 Murder Holes
45:53 Stone Shaft Mining
45:26 Heavy Plow
45:40 Forging
45:36 Scale Barding Armor
48:03 Parthian Tactics
48:17 Iron Casting
48:02 Chain Barding Armor
48:04 Town Patrol
51:17 Blast Furnace
Connection lost

Rejoining the realm…

Still unreachable

The connection could not be restored.

Session expired

The server has moved on; the page needs a fresh start.